 Dungeon Crawl Stone Soup version 0.18.1-5-g4a78601 (webtiles) character file.

142 Goblin1989 the Chopper (level 5, -2/42 HPs)
             Began as a Hill Orc Gladiator on May 11, 2016.
             Slain by an ice beast (9 damage)
             ... on level 3 of the Dungeon.
             The game lasted 00:05:42 (2822 turns).

Goblin1989 the Chopper (Hill Orc Gladiator)         Turns: 2822, Time: 00:05:43

Health: -2/42      AC: 10    Str: 24    XL:     5   Next: 24%
Magic:  5/5        EV: 10    Int:  8    God:
Gold:   103        SH:  0    Dex: 11    Spells: 0 memorised, 4 levels left

rFire  . . .     SeeInvis .     a - +0 war axe
rCold  . . .     Gourm    .     o - +0 scale mail
rNeg   . . .     Faith    .     (no shield)
rPois  .         Spirit   .     c - +0 helmet
rElec  .         Dismiss  .     (no cloak)
rCorr  .         Reflect  .     (no gloves)
SustAt .         Harm     .     b - +2 pair of boots
MR     .....                    (no amulet)
Stlth  ..........               (no ring)
                                (no ring)

@: mighty, not resistant to hostile enchantments, extremely unstealthy
A: no striking features
a: no special abilities


You were on level 3 of the Dungeon.
You were not hungry.

You visited 1 branch of the dungeon, and saw 3 of its levels.

You collected 103 gold pieces.

Inventory:

Hand Weapons
 a - a +0 war axe (weapon)
Missiles
 d - 3 throwing nets (quivered)
Armour
 b - a +2 pair of boots (worn)
 c - a +0 helmet (worn)
 o - a +0 scale mail (worn)
Jewellery
 l - an uncursed ring of fire
Scrolls
 e - 2 scrolls of teleportation {unknown}
 g - a scroll of noise {unknown}
 h - a scroll of recharging {unknown}
 i - a scroll of enchant weapon {unknown}
 j - a scroll of blinking {unknown}
 n - a scroll of identify {unknown}
Comestibles
 f - 2 bread rations


   Skills:
 - Level 2.4 Fighting
 * Level 7.6 Axes
 - Level 1.7 Throwing
 - Level 2.4 Dodging


You had 4 spell levels left.
You didn't know any spells.

Dungeon Overview and Level Annotations

Branches:
Dungeon (3/15)

Altars:

Annotations:
D:3 Sigmund


Message History

You continue eating.
The ice beast closely misses you.
You continue eating.
The ice beast hits you but does no damage.
You finish eating.
That royal jelly was delicious!
You take 9 damage, and have 30/42 hp.
MASSIVE DAMAGE!!
You hit the ice beast. The ice beast hits you. The ice beast freezes you!
You take 9 damage, and have 21/42 hp.
MASSIVE DAMAGE!!
You hit the ice beast. The ice beast hits you. The ice beast freezes you!
You take 15 damage, and have 6/42 hp.
MASSIVE DAMAGE!!
Things that are here:
a +0 ring mail; a flail; the human corpse of Terence
Things that are here:
a +0 ring mail; a flail; the human corpse of Terence Drink which item? (? for menu, Esc to quit)
It was a potion of might.
You feel very mighty all of a sudden. The ice beast completely misses you.
You slash the ice beast! The ice beast hits you. The ice beast freezes you!
You die...

#..# #.# #...##.#.#..####
#..###.####..##.#.#.....#
##.#)...........#.....#.#
#.###.#.##.#####.###.#.#
...........#####.....#@#
#..##...##.#........##.#
...................##<#
#.#...#.#.#.Y##.#.####
#.........#..@..#.# .
#.....#.####.##.#.#
.##..>.........##.#.#
.......#.###...#.#.#
#..#####.# #...#.### #..
#.###...#.#
#..#####..........
#..#......###.####
#..'......# ###


You could see an ice beast.

Vanquished Creatures
  Terence (D:3)
  5 adders (D:2)
  An ooze (D:2)
  2 worms
  A dart slug (D:1)
  4 giant geckos
  2 giant cockroaches
  5 goblins
  7 hobgoblins
  5 jackals
  A ball python (D:1)
  5 bats
  4 giant newts
  6 kobolds
  9 rats
58 creatures vanquished.

Notes
Turn   | Place    | Note
--------------------------------------------------------------
     0 | D:1      | Goblin1989 the Hill Orc Gladiator began the quest for the Orb.
     0 | D:1      | Reached XP level 1. HP: 18/18 MP: 1/1
   298 | D:1      | Reached XP level 2. HP: 25/25 MP: 2/2
   313 | D:1      | Reached skill level 5 in Axes
   775 | D:1      | Reached XP level 3. HP: 8/30 MP: 3/3
  1294 | D:2      | Reached skill level 6 in Axes
  1454 | D:2      | Reached XP level 4. HP: 37/37 MP: 4/4
  2010 | D:3      | Reached skill level 7 in Axes
  2020 | D:3      | Noticed Sigmund
  2664 | D:3      | Reached XP level 5. HP: 42/42 MP: 5/5
  2733 | D:3      | Noticed Terence
  2749 | D:3      | Killed Terence
  2781 | D:3      | Noticed an ice beast
  2822 | D:3      | Slain by an ice beast

Skill      XL: |  1  2  3  4 |
---------------+-------------+-----
Axes           | 5 6 7 |  7.6
Fighting       | |  2.4
Throwing       | |  1.7
Dodging        | |  2.4

Action                   |  1- 3 |  4- 6 || total
-------------------------+-------+-------++-------
Melee: War axe           |    96 |   113 ||   209
  Use: Potion            |       |     1 ||     1
  Eat: Chunk             |     2 |     2 ||     4
       Royal jelly       |       |     1 ||     1
Armor: Leather armour    |    30 |       ||    30
       Ring mail         |       |    69 ||    69
       Scale mail        |       |     1 ||     1
Dodge: Dodged            |    68 |    76 ||   144
